General information
- name: BNet
- type: Ladder team game (AT/RT)
- host: Battle.net
- saver: LEVELONENAZlSPY
map: Deadlock
- players: 8
- length: 22:33
- speed: Fast
- version: 1.26 W3XP
- replay type: Public
» download(130 KB)
Players
team 1 (loser)

»
noobfest (
green | 30 APM | 510 actions | 16:44)
3 Archmage
1 Summon Water Elemental
2 Brilliance Aura
» actions
| Basic commands | 20 | |
| Build / train | 48 | |
| Enter build submenu | 22 | |
| Enter hero's abilities submenu | 3 | |
| Right click | 191 | |
| Select / deselect | 189 | |
| Use ability | 37 | |
510 total
» units
| Peasant | 10 | |
| Rifleman | 5 | |
| Mortar Team | 2 | |
| Siege Engine | 3 | |
| Priest | 1 | |
| Sorceress | 2 | |
23 total
» upgrades
| Gunpowder | 1 | |
| Plating | 2 | |
| Masonry | 2 | |
| Magic Sentry | 1 | |
| Barrage | 1 | |
| Priest Training | 2 | |
| Sorceress Training | 1 | |
| Armor | 1 | |
11 total
» buildings
| Altar of Kings | 1 | |
| Farm | 7 | |
| Blacksmith | 1 | |
| Barracks | 1 | |
| Lumber Mill | 1 | |
| Scout Tower | 7 | |
| Arcane Tower | 1 | |
| Guard Tower | 6 | |
| Keep | 1 | |
| Arcane Vault | 1 | |
| Castle | 1 | |
| Workshop | 2 | |
| Arcane Sanctum | 1 | |
31 total
» build order
00:17 Altar of Kings
00:22 Farm
00:56 Blacksmith
01:13 Barracks
01:28 Farm
01:46 Lumber Mill
02:03 Scout Tower
02:28 Farm
02:38 Arcane Tower
03:15 Farm
03:43 Scout Tower
04:32 Guard Tower
04:35 Keep
04:40 Scout Tower
05:22 Guard Tower
05:27 Arcane Vault
06:39 Scout Tower
07:05 Castle
08:04 Workshop
08:08 Guard Tower
08:14 Arcane Sanctum
08:38 Scout Tower
08:53 Scout Tower
09:18 Guard Tower
09:23 Scout Tower
09:38 Guard Tower
10:04 Guard Tower
10:49 Workshop
11:24 Farm
11:41 Farm
12:50 Farm
» items
brucelee.gg (
pink | 53 APM | 1195 actions | 22:32)
5 Dark Ranger
3 Black Arrow
2 Silence
1 Archmage
1 Summon Water Elemental
» actions
| Assign group hotkey | 29 | |
| Basic commands | 1 | |
| Build / train | 65 | |
| Enter build submenu | 25 | |
| Enter hero's abilities submenu | 6 | |
| Give item / drop item | 1 | |
| Remove unit from queue | 7 | |
| Right click | 435 | |
| Select / deselect | 190 | |
| Select group hotkey | 367 | |
| Use ability | 69 | |
1195 total
» units
| Peon | 26 | |
| Grunt | 3 | |
| Wind Rider | 2 | |
| Siege Engine | 4 | |
35 total
» upgrades
| Reinforced Defenses | 1 | |
| Envenomed Spears | 1 | |
| Ranged Weapons | 2 | |
| Armor | 1 | |
5 total
» buildings
| Altar of Storms | 1 | |
| Orc Burrow | 6 | |
| Barracks | 4 | |
| Voodoo Lounge | 1 | |
| Stronghold | 1 | |
| War Mill | 1 | |
| Great Hall | 3 | |
| Watch Tower | 23 | |
| Fortress | 1 | |
| Beastiary | 3 | |
44 total
» build order
00:07 Altar of Storms
00:15 Orc Burrow
00:37 Barracks
01:23 Orc Burrow
02:25 Voodoo Lounge
02:57 Stronghold
03:33 War Mill
04:40 Great Hall
05:16 Orc Burrow
05:43 Watch Tower
05:44 Watch Tower
05:44 Watch Tower
05:46 Watch Tower
05:48 Watch Tower
05:49 Watch Tower
06:27 Orc Burrow
07:16 Great Hall
07:49 Great Hall
08:38 Fortress
08:42 Watch Tower
08:43 Watch Tower
08:45 Watch Tower
08:45 Watch Tower
08:45 Watch Tower
09:13 Watch Tower
09:13 Watch Tower
09:13 Watch Tower
09:47 Watch Tower
09:51 Watch Tower
11:27 Beastiary
11:36 Beastiary
11:53 Watch Tower
11:53 Watch Tower
12:04 Orc Burrow
12:40 Watch Tower
12:41 Watch Tower
13:30 Beastiary
15:04 Orc Burrow
16:20 Watch Tower
16:20 Watch Tower
16:21 Watch Tower
21:16 Barracks
21:17 Barracks
21:18 Barracks
» items
| Healing Salve | 2 | |
| Staff of Teleportation | 1 | |
| Potion of Lesser Invulnerability | 2 | |
| Scroll of Town Portal | 1 | |
| Orb of Lightning | 1 | |
| Scroll of Healing | 2 | |
9 total

»
waz-up (
orange | 25 APM | 325 actions | 12:52)
3 Blademaster
1 Wind Walk
2 Critical Strike
» actions
| Build / train | 41 | |
| Enter build submenu | 19 | |
| Enter hero's abilities submenu | 3 | |
| Right click | 110 | |
| Select / deselect | 122 | |
| Use ability | 30 | |
325 total
» units
| Peon | 18 | |
| Grunt | 7 | |
| Troll Batrider | 6 | |
31 total
» upgrades
| Liquid Fire | 1 | |
| Reinforced Defenses | 1 | |
| Ranged Weapons | 1 | |
3 total
» buildings
| Orc Burrow | 5 | |
| Barracks | 1 | |
| Voodoo Lounge | 1 | |
| Altar of Storms | 1 | |
| Stronghold | 1 | |
| Great Hall | 2 | |
| War Mill | 1 | |
| Fortress | 1 | |
| Beastiary | 3 | |
| Watch Tower | 5 | |
21 total
» build order
00:25 Orc Burrow
00:41 Barracks
00:56 Orc Burrow
01:29 Voodoo Lounge
02:01 Altar of Storms
03:11 Stronghold
03:47 Orc Burrow
04:28 Great Hall
05:11 War Mill
05:33 Fortress
06:51 Beastiary
06:57 Beastiary
07:01 Beastiary
07:25 Great Hall
08:37 Orc Burrow
08:44 Orc Burrow
10:52 Watch Tower
11:15 Watch Tower
11:22 Watch Tower
11:32 Watch Tower
11:38 Watch Tower
xXL4rrCh3rXx (
blue | 29 APM | 581 actions | 20:03)
4 Demon Hunter
2 Immolation
2 Evasion
3 Priestess of the Moon
2 Searing Arrows
1 Trueshot Aura
» actions
| Build / train | 59 | |
| Enter build submenu | 28 | |
| Enter hero's abilities submenu | 7 | |
| Remove unit from queue | 5 | |
| Right click | 210 | |
| Select / deselect | 227 | |
| Use ability | 45 | |
581 total
» units
| Wisp | 14 | |
| Archer | 4 | |
| Huntress | 2 | |
| Hippogryph | 11 | |
| Chimaera | 7 | |
38 total
» upgrades
| Strength of the Wild | 2 | |
| Reinforced Hides | 2 | |
4 total
» buildings
| Altar of Elders | 1 | |
| Moon Well | 7 | |
| Ancient of War | 1 | |
| Hunter's Hall | 1 | |
| Tree of Ages | 1 | |
| Ancient Protector | 1 | |
| Ancient of Wind | 1 | |
| Tree of Life | 1 | |
| Tree of Eternity | 1 | |
| Chimaera Roost | 6 | |
| Barracks | 1 | |
| Orc Burrow | 2 | |
24 total
» build order
00:05 Altar of Elders
00:07 Moon Well
00:14 Ancient of War
01:53 Moon Well
03:04 Hunter's Hall
04:35 Moon Well
05:14 Tree of Ages
05:23 Ancient Protector
05:57 Moon Well
07:03 Moon Well
07:44 Ancient of Wind
09:14 Tree of Life
09:37 Tree of Eternity
13:15 Chimaera Roost
13:20 Chimaera Roost
14:27 Chimaera Roost
14:57 Chimaera Roost
15:04 Moon Well
15:14 Moon Well
15:45 Chimaera Roost
15:52 Chimaera Roost
16:32 Barracks
16:42 Orc Burrow
16:48 Orc Burrow
» items
team 2 (winner)
TheWolfIsLoose (
yellow | 77 APM | 1720 actions | 22:12)
7 Blademaster
3 Wind Walk
3 Critical Strike
1 Bladestorm
» actions
| Assign group hotkey | 219 | |
| Basic commands | 58 | |
| Build / train | 68 | |
| Enter build submenu | 24 | |
| Enter hero's abilities submenu | 7 | |
| Give item / drop item | 1 | |
| Remove unit from queue | 2 | |
| Right click | 844 | |
| Select / deselect | 304 | |
| Select group hotkey | 90 | |
| Use ability | 103 | |
1720 total
» units
| Peon | 19 | |
| Grunt | 4 | |
| Wind Rider | 7 | |
| Troll Batrider | 3 | |
33 total
» upgrades
| Ranged Weapons | 3 | |
| Troll Regeneration | 1 | |
| Armor | 2 | |
| Liquid Fire | 1 | |
| Envenomed Spears | 1 | |
8 total
» buildings
| Altar of Storms | 1 | |
| Orc Burrow | 5 | |
| Barracks | 1 | |
| Voodoo Lounge | 2 | |
| Stronghold | 1 | |
| Great Hall | 2 | |
| War Mill | 1 | |
| Beastiary | 5 | |
| Fortress | 1 | |
| Watch Tower | 8 | |
27 total
» build order
00:41 Altar of Storms
00:45 Orc Burrow
00:57 Barracks
01:11 Orc Burrow
01:43 Voodoo Lounge
03:45 Stronghold
05:16 Great Hall
05:19 War Mill
05:22 Orc Burrow
05:23 Orc Burrow
06:32 Beastiary
06:34 Beastiary
11:13 Fortress
13:38 Watch Tower
13:39 Watch Tower
13:39 Watch Tower
13:40 Watch Tower
13:41 Watch Tower
13:42 Watch Tower
14:22 Beastiary
14:23 Beastiary
14:32 Great Hall
14:58 Beastiary
17:22 Orc Burrow
18:48 Voodoo Lounge
» items
| Healing Salve | 4 | |
| Scroll of Town Portal | 1 | |
| Lesser Clarity Potion | 4 | |
| Potion of Mana | 3 | |
| Boots of Speed | 1 | |
| Potion of Healing | 1 | |
| Orb of Lightning | 1 | |
15 total
LEVELONENAZlSPY (
red | 83 APM | 1866 actions | 22:33)
6 Archmage
3 Summon Water Elemental
2 Brilliance Aura
1 Mass Teleport
1 Death Knight
1 Unholy Aura
» actions
| Assign group hotkey | 31 | |
| Basic commands | 60 | |
| Build / train | 68 | |
| Enter build submenu | 41 | |
| Enter hero's abilities submenu | 7 | |
| Give item / drop item | 5 | |
| Right click | 738 | |
| Select / deselect | 359 | |
| Select group hotkey | 504 | |
| Use ability | 53 | |
1866 total
» units
| Peasant | 15 | |
| Footman | 5 | |
| Gryphon Rider | 9 | |
29 total
» upgrades
| Masonry | 3 | |
| Swords | 3 | |
| Lumber Harvesting | 2 | |
| Animal War Training | 1 | |
| Storm Hammers | 1 | |
| Armor | 3 | |
| Cloud | 1 | |
| Plating | 1 | |
15 total
» buildings
| Altar of Kings | 1 | |
| Farm | 9 | |
| Barracks | 1 | |
| Scout Tower | 11 | |
| Arcane Vault | 2 | |
| Arcane Tower | 1 | |
| Keep | 1 | |
| Town Hall | 2 | |
| Lumber Mill | 2 | |
| Blacksmith | 1 | |
| Guard Tower | 8 | |
| Castle | 1 | |
| Gryphon Aviary | 4 | |
44 total
» build order
00:05 Altar of Kings
00:09 Farm
00:42 Barracks
01:18 Farm
01:30 Scout Tower
01:53 Arcane Vault
01:58 Arcane Vault
02:01 Arcane Tower
02:14 Farm
02:56 Farm
04:24 Keep
04:34 Town Hall
04:47 Lumber Mill
04:48 Lumber Mill
04:54 Blacksmith
05:39 Farm
06:26 Scout Tower
06:29 Scout Tower
06:57 Guard Tower
07:10 Castle
07:39 Gryphon Aviary
07:55 Guard Tower
08:13 Gryphon Aviary
09:28 Scout Tower
09:56 Guard Tower
11:56 Farm
14:26 Town Hall
14:41 Gryphon Aviary
14:46 Gryphon Aviary
14:50 Farm
14:53 Farm
14:54 Farm
16:59 Scout Tower
17:03 Scout Tower
17:06 Scout Tower
17:50 Guard Tower
17:56 Guard Tower
18:34 Scout Tower
18:44 Scout Tower
18:50 Scout Tower
19:20 Guard Tower
19:24 Guard Tower
20:51 Guard Tower
21:59 Scout Tower
» items
| Periapt of Vitality | 1 | |
| Staff of Teleportation | 1 | |
| Scroll of Regeneration | 2 | |
| Scroll of Town Portal | 1 | |
5 total
tideBeast (
teal | 36 APM | 802 actions | 22:07)
5 Tauren Chieftain
3 Endurance Aura
2 War Stomp
» actions
| Basic commands | 27 | |
| Build / train | 88 | |
| Enter build submenu | 20 | |
| Enter hero's abilities submenu | 5 | |
| Remove unit from queue | 18 | |
| Right click | 321 | |
| Select / deselect | 285 | |
| Use ability | 38 | |
802 total
» units
| Peon | 9 | |
| Raider | 25 | |
| Troll Batrider | 14 | |
48 total
» upgrades
| Melee Weapons | 3 | |
| Spiked Barricades | 1 | |
| Armor | 3 | |
| Ensnare | 1 | |
| Reinforced Defenses | 1 | |
| Pillage | 1 | |
10 total
» buildings
| Altar of Storms | 1 | |
| Orc Burrow | 10 | |
| War Mill | 3 | |
| Stronghold | 1 | |
| Voodoo Lounge | 1 | |
| Watch Tower | 1 | |
| Fortress | 1 | |
| Beastiary | 2 | |
20 total
» build order
00:02 Altar of Storms
00:03 Orc Burrow
00:59 War Mill
01:15 Orc Burrow
02:26 Stronghold
02:43 Voodoo Lounge
03:29 Watch Tower
04:47 Fortress
04:59 Beastiary
06:10 War Mill
06:25 Orc Burrow
07:37 Orc Burrow
09:05 Orc Burrow
10:46 Orc Burrow
10:50 Orc Burrow
14:57 Orc Burrow
14:59 Orc Burrow
15:02 Orc Burrow
17:14 War Mill
18:13 Beastiary
» items
| Scroll of Speed | 2 | |
| Healing Salve | 2 | |
4 total

»
Toadrocks (
purple | 22 APM | 376 actions | 17:21)
1 Death Knight
1 Death Coil
» actions
| Build / train | 38 | |
| Enter build submenu | 20 | |
| Enter hero's abilities submenu | 2 | |
| Right click | 187 | |
| Select / deselect | 107 | |
| Use ability | 22 | |
376 total
» units
| Acolyte | 2 | |
| Ghoul | 4 | |
| Crypt Fiend | 8 | |
| Gargoyle | 7 | |
| Necromancer | 4 | |
25 total
» upgrades
| Banshee Training | 1 | |
| Necromancer Training | 1 | |
| Skeletal Longevity | 1 | |
3 total
» buildings
| Ziggurat | 10 | |
| Altar of Darkness | 1 | |
| Crypt | 1 | |
| Graveyard | 1 | |
| Tomb of Relics | 1 | |
| Spirit Tower | 2 | |
| Nerubian Tower | 4 | |
| Halls of the Dead | 1 | |
| Temple of the Damned | 1 | |
| Black Citadel | 1 | |
23 total
» build order
00:06 Ziggurat
00:18 Altar of Darkness
00:47 Crypt
01:44 Ziggurat
02:05 Graveyard
02:29 Tomb of Relics
02:39 Ziggurat
03:42 Spirit Tower
03:45 Nerubian Tower
03:52 Ziggurat
04:39 Halls of the Dead
05:03 Nerubian Tower
06:06 Ziggurat
06:15 Ziggurat
06:19 Ziggurat
06:26 Ziggurat
06:30 Ziggurat
06:34 Ziggurat
07:34 Nerubian Tower
08:13 Temple of the Damned
08:25 Nerubian Tower
08:28 Spirit Tower
09:20 Black Citadel
Chat log
(01:56 / All) brucelee.gg: how are we doing today
(01:58 / All) brucelee.gg: folks
(02:04 / All) LEVELONENAZlSPY: good
(02:09 / Allies) tideBeast: good
(02:10 / All) Toadrocks: good
(02:20 / All) TheWolfIsLoose: Teal is good he says
(02:49 / Allies) tideBeast: i got raiders
(02:52 / Allies) tideBeast: with endurance aura
(02:56 / Allies) tideBeast: ima be fast but deadly
(03:04 / Allies) Toadrocks: cypt
(04:00 / Allies) tideBeast: how are you, bruce?
(04:10 / All) TheWolfIsLoose: how are you bruce?
(04:11 / All) TheWolfIsLoose: teal wants to know
(04:18 / All) brucelee.gg: good
(04:25 / All) tideBeast: lol
(04:29 / All) tideBeast: bruce i thought u were red
(04:48 / All) TheWolfIsLoose: game over son
(04:59 / All) TheWolfIsLoose: pendant of mana
(08:10 / Allies) TheWolfIsLoose: gold sons
(11:20 / Allies) tideBeast: thanks for the fucking help team
(11:29 / Allies) LEVELONENAZlSPY: np
(12:51 / All) LEVELONENAZlSPY: raped
(13:07 / All) LEVELONENAZlSPY: ragequit
(13:13 / Allies) Toadrocks: lol
(13:23 / Allies) TheWolfIsLoose: move
(13:36 / Allies) TheWolfIsLoose: move
(13:44 / Allies) TheWolfIsLoose: or don't retard
(14:24 / Allies) TheWolfIsLoose: wood
(15:00 / Allies) TheWolfIsLoose: wood
(15:30 / All) brucelee.gg: EVERYBODY STAY U HAVE EQUAL CHANCE AT VICTORY LAWL
(15:32 / All) brucelee.gg: lawl
(15:52 / All) noobfest: all leave pink is a total asshole
(15:59 / All) LEVELONENAZlSPY: what did he do
(15:59 / All) brucelee.gg: remember us
(16:01 / All) brucelee.gg: green
(16:03 / All) brucelee.gg: last night on slalom
(16:12 / Allies) LEVELONENAZlSPY: wood
(16:16 / All) noobfest: yes i know ur game and im leavin again
(18:51 / All) brucelee.gg: tim eto die teal
(19:50 / Allies) TheWolfIsLoose: GO SON
(20:12 / All) LEVELONENAZlSPY: wow
(20:25 / Allies) tideBeast: level
(20:28 / Allies) tideBeast: why are you killing me?
(20:29 / All) LEVELONENAZlSPY: what a clean stab
(20:34 / Allies) LEVELONENAZlSPY: you're the only one left
(20:36 / Allies) LEVELONENAZlSPY: leave faggot
(20:37 / Allies) TheWolfIsLoose: i'M KILLING YOU TOO
(20:39 / Allies) TheWolfIsLoose: YOU';RE A FAGGOT
(20:39 / Allies) LEVELONENAZlSPY: only 3 stabbers in game
(20:40 / All) brucelee.gg: i knew noobfest would leave
(20:47 / All) brucelee.gg: regardless if we told him
(20:48 / All) LEVELONENAZlSPY: Teal is making bats vs us
(20:49 / All) LEVELONENAZlSPY: lol
(20:54 / Allies) TheWolfIsLoose: GET THE FUCK OUT FAGGOT
(21:00 / Allies) tideBeast: so wait... wut?
(21:01 / All) LEVELONENAZlSPY: LEAVE NIGGER
(21:02 / Allies) TheWolfIsLoose: YOU AINT WELCOME ON MY BATTLE NET
(21:03 / Allies) tideBeast: what happened here?
(21:09 / All) LEVELONENAZlSPY: YOU ARE 44-62 THAT IS AWFUL
(21:11 / All) LEVELONENAZlSPY: 28-47 SOLO
(21:16 / Allies) TheWolfIsLoose: GET OUT OF HERE FAGGOT
(21:24 / All) LEVELONENAZlSPY: THE
(21:25 / All) LEVELONENAZlSPY: FUCK
(21:26 / All) LEVELONENAZlSPY: OUT
(21:43 / All) tideBeast: bruce u were in on the backstabbing?
(21:48 / All) LEVELONENAZlSPY: Yes he was
(21:50 / All) brucelee.gg: i believe i was
(21:58 / Allies) tideBeast: whats the advantage
(22:01 / Allies) tideBeast: somebody gets a loss
(22:06 / All) LEVELONENAZlSPY: Yours, fool
(22:13 / All) brucelee.gg: i say green should lose
(22:18 / All) LEVELONENAZlSPY: You leave then
(22:28 / All) brucelee.gg: new accts or no?